AoeStats
← wolololigma

Fortress

509261378Analyzed
4v4 RM · 5d ago on Sep 26, 2026· 79m 57s· 8 players
Game mode
Random Map
Map size
Huge
Population
200
Speed
Normal
Resources
Standard
Victory
Conquest
Starting age
Dark Age
Ending age
Imperial Age
RankedLock teamsTeams togetherTeam positionsShared explorationLock speedFull tech treeHidden civsTurbo modeCheats
Victory
Defeat
🇺🇸 Saxons · United States
1176
+12
🇲🇽 Danes · Mexico
1096
+16
🇺🇸 Franks · United States
1057
+17
🇺🇸 Saracens · United States
949
+23
🇺🇸 Persians · United States
1144
-19
🇺🇸 Danes · United States
1119
-18
🇺🇸 Bohemians · United States
1059
-16
🇺🇸 Saxons · United States
1033
-15
TheProtagoniist
2:09 Loom
7:46 Feudal Age
6:05 Loom
12:17 Castle Age
11:48 Double-Bit Axe
11:47 Horse Collar
13:47 Wheelbarrow
22:39 Bow Saw
22:40 Heavy Plow
23:05 Stone Mining
23:32 Gold Mining
24:09 Town Watch
24:44 Fortified Wall
26:06 Gold Shaft Mining
25:50 Hand Cart
28:52 Imperial Age
26:42 Masonry
27:08 Husbandry
27:18 Bloodlines
27:18 Scale Barding Armor
27:24 Forging
28:08 Ballistics
28:19 Chain Barding Armor
27:24 Light Cavalry
29:36 Iron Casting
29:00 Elite Mameluke
30:01 Conscription
29:56 Counterweights
29:56 Siege Engineers
30:13 Caravan
31:11 Plate Barding Armor
30:29 Hussar
33:20 Blast Furnace
34:28 Two-Man Saw
WorstAntagonist
7:27 Feudal Age
7:56 Double-Bit Axe
14:12 Castle Age
19:01 Forging
22:14 Bow Saw
23:34 Town Watch
23:36 Loom
26:37 Wheelbarrow
30:27 Imperial Age
28:11 Scale Mail Armor
29:11 Hand Cart
28:52 Gold Mining
29:46 Iron Casting
29:28 Masonry
29:07 Gambesons
29:24 Squires
29:11 Arson
31:18 Chain Mail Armor
32:42 Blast Furnace
32:48 Elite Throwing Axeman
34:48 Conscription
35:15 Plate Mail Armor
35:45 Ballistics
36:26 Chemistry
35:39 Fortified Wall
36:01 Architecture
37:29 Chemistry
38:41 Scale Barding Armor
38:28 Fletching
39:24 Siege Engineers
39:32 Fortified Wall
39:21 Murder Holes
40:12 Chivalry
41:41 Caravan
43:40 Chain Barding Armor
43:07 Cavalier
43:48 Husbandry
43:22 Light Cavalry
44:44 Paladin
59:30 Hoardings
59:36 Plate Barding Armor
68:56 Town Patrol
73:29 Coinage
76:38 Banking
79:22 Ordonnance Companies
Makima = Mommy
6:01 Loom
7:49 Feudal Age
12:33 Castle Age
13:01 Double-Bit Axe
12:59 Horse Collar
18:56 Fletching
21:48 Wheelbarrow
21:59 Ballistics
22:04 Guard Tower
22:22 Bodkin Arrow
23:20 Treadmill Crane
24:30 Town Watch
27:37 Heavy Plow
28:54 Redemption
31:54 Imperial Age
30:09 Scale Mail Armor
30:19 Forging
30:27 Masonry
30:21 Murder Holes
32:47 Bracer
33:50 Chemistry
34:25 Bow Saw
33:59 Crossbowman
34:37 Arbalester
36:07 Conscription
36:08 Gold Mining
36:09 Stone Mining
36:36 Thumb Ring
37:54 Pikeman
38:34 Squires
38:20 Arson
39:50 Halberdier
40:13 Capped Ram
42:55 Two-Man Saw
42:19 Hand Cart
43:52 Shield Wall
46:51 Gold Shaft Mining
46:46 Padded Archer Armor
46:47 Scale Mail Armor
48:29 Clerical Recruitment
49:54 Block Printing
50:56 Illumination
51:42 Elite Varangian Guard
52:58 Heavy Scorpion
56:52 Forging
57:04 Chain Mail Armor
64:14 Plate Mail Armor
64:32 Iron Casting
65:27 Siege Ram
70:01 Redemption
71:06 Town Patrol
71:51 Crop Rotation
72:31 Guilds
75:15 Leather Archer Armor
77:15 Sanctity
77:36 Theocracy
80:50 Coinage
Dorek xD
9:01 Feudal Age
13:51 Castle Age
13:57 Double-Bit Axe
13:55 Horse Collar
18:47 Gold Mining
20:40 Bow Saw
20:36 Heavy Plow
23:18 Gold Shaft Mining
24:16 Caravan
27:12 Elite Skirmisher
31:12 Imperial Age
30:13 Fletching
30:23 Padded Archer Armor
30:14 Hamask
31:42 Stone Mining
32:20 Squires
32:05 Arson
32:06 Gambesons
32:06 Northmen's Fury
33:08 Conscription
33:46 Bodkin Arrow
34:07 Leather Archer Armor
35:33 Elite Varangian Guard
37:12 Bracer
37:43 Ring Archer Armor
37:23 Forging
37:14 Scale Mail Armor
47:17 Town Watch
47:19 Loom
48:09 Wheelbarrow
48:31 Elite Jomsviking
51:57 Iron Casting
51:38 Chain Mail Armor
54:17 Blast Furnace
55:26 Ballistics
55:12 Siege Engineers
56:08 Chemistry
59:47 Hoardings
59:44 Plate Mail Armor
60:01 Hand Cart
59:46 Town Patrol
68:52 Scale Barding Armor
StickyFingers69
1:42 Loom
8:03 Feudal Age
14:07 Castle Age
12:35 Double-Bit Axe
14:04 Horse Collar
14:57 Arson
15:14 Squires
16:00 Wheelbarrow
16:40 Scale Mail Armor
17:05 Heavy Plow
17:52 Bow Saw
21:03 Hand Cart
22:18 Town Watch
22:43 Gold Mining
25:00 Crossbowman
25:46 Thumb Ring
30:39 Imperial Age
29:10 Stone Mining
29:55 Gold Shaft Mining
29:49 Fletching
29:59 Padded Archer Armor
31:23 Arbalester
32:58 Town Patrol
34:12 Caravan
35:41 Leather Archer Armor
35:22 Bodkin Arrow
38:30 Chemistry
37:51 Ballistics
39:30 Murder Holes
40:01 Elite Skirmisher
55:45 Crop Rotation
56:41 Capped Ram
58:41 Pikeman
59:03 Siege Ram
61:17 Halberdier
71:36 Chain Mail Armor
71:31 Forging
74:02 Plate Mail Armor
74:07 Iron Casting
FrenchFryd
8:48 Feudal Age
9:29 Double-Bit Axe
11:47 Wheelbarrow
14:25 Castle Age
12:58 Horse Collar
21:55 Heavy Plow
21:58 Loom
22:40 Hand Cart
24:31 Bloodlines
24:21 Husbandry
29:05 Imperial Age
27:02 Kamandaran
28:34 Forging
28:15 Fletching
28:30 Scale Barding Armor
28:26 Padded Archer Armor
28:27 Scale Mail Armor
28:44 Crossbowman
29:30 Thumb Ring
28:49 Elite Skirmisher
30:07 Citadels
30:43 Conscription
30:23 Bodkin Arrow
31:37 Crop Rotation
31:19 Bow Saw
31:00 Gold Mining
31:37 Ballistics
32:20 Chemistry
32:18 Chain Barding Armor
32:33 Iron Casting
32:15 Elite War Elephant
38:00 Blast Furnace
37:35 Plate Barding Armor
37:18 Leather Archer Armor
43:19 Ring Archer Armor
47:48 Light Cavalry
47:48 Heavy Camel Rider
52:09 Hoardings
53:21 Masonry
54:29 Careening
54:20 Murder Holes
55:00 Architecture
59:17 Ballistics
77:55 Hussar
wolololigma
1:16 Loom
7:28 Feudal Age
8:00 Double-Bit Axe
8:00 Horse Collar
13:33 Forging
15:32 Castle Age
16:38 Heavy Plow
16:49 Bow Saw
19:03 Wheelbarrow
26:05 Imperial Age
24:36 Hand Cart
24:28 Pikeman
25:09 Squires
28:35 Conscription
28:24 Wagenburg Tactics
28:28 Hussite Reforms
28:39 Fervor
29:43 Chemistry
28:39 Murder Holes
29:05 Ballistics
28:56 Fortified Wall
28:46 Halberdier
29:37 Scale Mail Armor
29:19 Elite Hussite Wagon
32:03 Siege Engineers
32:52 Fletching
33:03 Padded Archer Armor
33:38 Iron Casting
38:20 Houfnice
48:47 Elite Skirmisher
62:59 Bodkin Arrow
69:11 Two-Man Saw
71:49 Man-at-Arms
Squatch360
7:27 Feudal Age
11:07 Castle Age
9:07 Double-Bit Axe
10:53 Horse Collar
12:18 Bow Saw
15:12 Wheelbarrow
16:22 Arson
16:40 Loom
18:40 Hand Cart
24:24 Imperial Age
22:29 Heavy Plow
23:02 Scale Mail Armor
24:29 Chain Mail Armor
25:01 Forging
27:17 Plate Mail Armor
28:54 Iron Casting
28:28 Capped Ram
30:05 Squires
29:50 Gambesons
30:52 Hamask
32:18 Elite Jomsviking
34:42 Blast Furnace
33:33 Fletching
36:29 Conscription
37:21 Hoardings
38:17 Bodkin Arrow
38:24 Padded Archer Armor
38:11 Northmen's Fury
39:14 Bracer
39:42 Onager
42:31 Siege Onager
43:00 Elite Skirmisher
44:41 Ballistics
44:27 Siege Engineers
45:23 Chemistry
44:48 Leather Archer Armor
52:17 Pikeman
56:34 Ring Archer Armor
61:44 Caravan
62:36 Siege Ram
67:21 Halberdier
68:43 Masonry
Connection lost

Rejoining the realm…

Still unreachable

The connection could not be restored.

Session expired

The server has moved on; the page needs a fresh start.